Map: 파라 사이트 - 래더

Players

Zest - Winner!

  • Race: Protoss Protoss
  • League: Master
  • Spawn Location: 5:00

True

  • Race: Zerg Zerg
  • League: Grandmaster
  • Spawn Location: 11:00

Event: IEM Season 13 - Katowice Server Qualifiers America

VOD

Have the link to the VOD?

Description

Time

  • Played on: Jan. 6, 2019, 4:40 p.m.
  • Length: 10:14

All games in this series

Show
View Real Time Build Order
Export as new Build Order

Zest Protoss - Winner!

Build Orders: 1 Gate Expand, Oracle Opening, Archon Immortal, Archon Drop 

Get SALT Encoding   

  12  0:00  Probe  
  13  0:12  Probe  
  14  0:18  Pylon  
  14  0:24  Probe  
  15  0:32  Probe  
  15  0:37  Gateway  
  15  0:41  Probe  
  16  0:46  Assimilator  
  17  0:51  Probe  
  18  1:03  Probe  
  19  1:15  Probe  
  20  1:23  Nexus  
  20  1:34  Cybernetics Core  
  20  1:37  Probe  
  21  1:42  Assimilator  
  21  1:49  Probe  
  21  1:52  Pylon  
  22  2:01  Probe, Adept  
  23  2:13  Stargate  
  23  2:14  Probe  
  26  2:22  Warp Gate  
  26  2:26  Probe  
  29  2:31  Probe, Stalker  
  30  2:38  Probe  
  30  2:39  Probe  
  32  2:49  Oracle  
  32  2:50  Probe x2  
  34  3:02  Probe  
  34  3:03  Probe  
  34  3:05  Pylon  
  39  3:15  Probe x2  
  41  3:23  Oracle  
  44  3:27  Probe x2, Adept  
  44  3:30  Assimilator  
  46  3:34  Assimilator  
  46  3:37  Probe  
  46  3:39  Probe  
  46  3:40  Gateway  
  48  3:45  Probe  
  48  3:51  Probe  
  48  3:53  Robotics Facility, Probe  
  51  4:03  Probe, Twilight Council  
  51  4:05  Probe  
  51  4:07  Pylon  
  53  4:17  Probe  
  53  4:18  Gateway  
  53  4:19  Gateway  
  54  4:25  Pylon  
  54  4:26  Probe  
  54  4:29  Probe  
  56  4:40  Templar Archives  
  58  4:55  Sentry x2  
  60  5:05  Immortal  
  60  5:07  Shield Battery  
  60  5:13  Zealot x3  
  64  5:23  Charge, Cybernetics Core  
  64  5:25  Pylon  
  64  5:29  High Templar x2  
  64  5:33  Archon  
  68  5:38  Warp Prism  
  68  5:46  Gateway  
  68  5:47  Gateway  
  68  5:48  Probe, Pylon  
  71  5:50  Probe, Pylon  
  72  5:57  Forge  
  72  6:03  High Templar x2, Zealot  
  78  6:05  Pylon  
  78  6:07  Archon, Pylon  
  78  6:12  Observer  
  79  6:24  Nexus  
  79  6:26  Pylon  
  79  6:33  Pylon  
  79  6:42  High Templar x2, Zealot x4  
  79  6:44  Shield Battery  
  79  6:46  Archon  
  91  6:55  Photon Cannon  
  91  6:58  Protoss Ground Weapons Level 1  
  91  7:00  Pylon  
  91  7:07  Probe  
  91  7:08  Probe  
  93  7:12  Zealot  
  95  7:17  Immortal  
  95  7:20  Probe x2  
  101  7:31  Sentry x4  
  101  7:32  Probe  
  101  7:35  Gateway  
  101  7:36  Gateway  
  110  7:39  Gateway x2  
  110  7:44  Immortal  
  110  7:56  Probe x3  
  115  8:10  High Templar  
  115  8:11  High Templar, Zealot x4  
  119  8:28  Immortal  
  119  8:32  Zealot x3  
  119  8:33  Zealot  
  127  8:40  Archon  
  119  8:45  Zealot x2  
  111  8:55  High Templar, Zealot x3  
  115  8:56  High Templar, Zealot x3  
  113  9:03  Observer  
  113  9:06  Phoenix, Zealot x2  
  113  9:09  Archon  
  111  9:17  Zealot  
  115  9:18  Photon Cannon  
  115  9:29  High Templar x2  
  115  9:30  Zealot x7  
  133  9:31  Phoenix  
  133  9:36  Archon  
  133  9:48  Zealot  
  133  9:50  Zealot x2  
  133  9:51  Zealot  
  140  10:00  Zealot  
  140  10:01  Zealot x3  
  146  10:11  Photon Cannon  
  146  10:12  Photon Cannon  
Show
View Real Time Build Order
Export as new Build Order

True Zerg 

Build Orders: Hatch First, Zergling Baneling 

Get SALT Encoding   

  12  0:00  Drone  
  13  0:12  Overlord  
  13  0:16  Drone  
  14  0:30  Drone  
  15  0:44  Hatchery  
  15  0:47  Drone  
  15  0:53  Drone  
  15  0:56  Drone  
  17  1:09  Spawning Pool  
  16  1:12  Drone  
  16  1:17  Extractor, Drone  
  17  1:20  Drone  
  18  1:31  Drone  
  19  1:48  Hatchery  
  18  1:56  Drone x2  
  18  1:57  Drone  
  21  2:08  Queen  
  21  2:11  Drone  
  21  2:15  Drone  
  25  2:20  Drone  
  26  2:24  Overlord  
  26  2:31  Queen  
  28  2:43  Zergling x6  
  28  2:44  Drone  
  32  2:45  Drone  
  32  2:47  Metabolic Boost  
  33  2:54  Queen  
  33  2:57  Drone  
  36  3:00  Drone  
  36  3:01  Drone  
  36  3:03  Drone  
  39  3:07  Drone  
  39  3:11  Drone x2  
  42  3:19  Overlord  
  41  3:23  Drone  
  40  3:27  Drone  
  40  3:31  Baneling Nest  
  40  3:33  Drone  
  41  3:34  Overlord  
  41  3:37  Overlord  
  41  3:38  Drone  
  41  3:39  Drone x2  
  44  3:42  Drone  
  44  3:44  Drone  
  46  3:55  Spore Crawler, Zergling x2  
  45  3:56  Spore Crawler, Zergling x6  
  45  4:02  Zergling x2  
  49  4:04  Zergling x6  
  49  4:05  Zergling x2  
  49  4:06  Zergling x2  
  54  4:13  Overlord  
  54  4:14  Zergling x4  
  54  4:15  Zergling x2  
  57  4:24  Overlord  
  57  4:28  Queen  
  57  4:29  Spore Crawler  
  57  4:32  Baneling x4  
  57  4:33  Baneling x2  
  57  4:34  Baneling x2  
  57  4:35  Drone x2  
  57  4:36  Zergling x2  
  60  4:39  Baneling  
  60  4:45  Drone x4  
  63  4:46  Drone  
  63  4:50  Drone  
  63  4:52  Drone  
  55  5:04  Drone x4  
  55  5:06  Drone  
  56  5:07  Zergling x2  
  56  5:09  Zergling x2  
  57  5:16  Drone  
  57  5:17  Drone x3  
  57  5:18  Drone  
  61  5:21  Drone  
  61  5:22  Drone  
  61  5:24  Drone  
  61  5:25  Drone  
  61  5:27  Drone  
  66  5:30  Drone  
  66  5:31  Drone  
  66  5:33  Drone  
  69  5:36  Drone x2  
  69  5:39  Drone  
  69  5:41  Drone x2  
  73  5:46  Lair  
  73  5:47  Extractor x2, Drone  
  72  5:50  Overlord  
  72  5:52  Extractor  
  72  5:53  Spore Crawler  
  72  5:55  Roach Warren  
  72  5:56  Drone  
  70  5:58  Drone  
  70  5:59  Drone  
  70  6:00  Drone  
  70  6:02  Overlord  
  73  6:07  Overlord  
  73  6:08  Drone x3  
  73  6:09  Drone  
  77  6:14  Drone x2  
  77  6:17  Drone x2  
  77  6:28  Overlord  
  77  6:30  Drone  
  77  6:32  Overlord  
  78  6:35  Roach x4  
  78  6:36  Roach x4  
  94  6:41  Extractor  
  94  6:42  Overlord  
  94  6:43  Glial Reconstitution  
  94  6:45  Roach x2  
  94  6:46  Roach  
  101  6:47  Roach  
  101  6:49  Roach  
  101  6:51  Overlord  
  101  6:53  Roach  
  105  6:55  Roach  
  105  6:56  Roach  
  105  6:58  Roach  
  105  7:00  Roach  
  105  7:01  Roach  
  115  7:02  Roach  
  115  7:04  Roach  
  115  7:08  Roach  
  118  7:11  Roach x2  
  118  7:14  Roach x2  
  118  7:15  Roach  
  127  7:16  Roach  
  127  7:22  Overlord  
  128  7:25  Overlord  
  128  7:27  Overlord, Extractor  
  128  7:28  Roach, Overlord  
  129  7:33  Overlord  
  129  7:41  Roach x2  
  129  7:42  Roach x2  
  137  7:46  Zergling x2  
  137  7:47  Zergling x12  
  139  7:54  Zergling x4  
  139  7:55  Zergling x2  
  139  7:58  Zergling x4  
  144  7:59  Zergling x2  
  144  8:04  Zergling x2  
  144  8:05  Zergling x2  
  144  8:06  Zergling x2  
  144  8:11  Zergling x2  
  146  8:14  Zergling x4  
  146  8:15  Zergling x2  
  146  8:16  Spire  
  146  8:19  Zergling x2  
  143  8:20  Zergling x2  
  143  8:22  Zergling x2  
  138  8:27  Zergling x2  
  138  8:28  Zergling x4  
  138  8:30  Zergling x2  
  138  8:32  Zergling x2  
  132  8:39  Zergling x12  
  117  8:43  Zergling x4  
  105  8:50  Zergling x6  
  105  8:53  Zergling x2  
  61  9:27  Mutalisk x9  
  78  9:37  Mutalisk  
  78  9:38  Mutalisk  
  75  9:50  Mutalisk  

Tags
 
Add a new tag
Caveats
  • Supply blocks, unpowered buildings, or Contaminate may cause inaccurate times.
  • Supply counts are checked every 10 seconds.